Map: Ruins of Seras

Players

Zylcu

  • Race: Zerg Zerg
  • League: Master

Miszu - Winner!

  • Race: Terran Terran
  • League: Master

VOD

Have the link to the VOD?

Description

Time

  • Played on: March 13, 2016, 2:03 p.m.
  • Length: 20:47
Show
View Real Time Build Order
Export as new Build Order

Zylcu Zerg 

Build Orders: Hatch First, Muta Ling Bane 

Get SALT Encoding   

  12  0:01  Drone  
  13  0:12  Overlord  
  13  0:20  Drone  
  14  0:33  Drone x2  
  16  0:39  Drone  
  17  0:54  Hatchery  
  16  0:57  Drone  
  16  1:00  Drone  
  18  1:04  Extractor  
  18  1:07  Drone  
  18  1:22  Spawning Pool  
  18  1:24  Drone  
  18  1:30  Drone  
  19  1:41  Overlord  
  19  2:08  Queen x2  
  19  2:11  Metabolic Boost  
  19  2:13  Zergling x2  
  19  2:14  Drone  
  19  2:15  Drone x2  
  27  2:19  Drone  
  28  2:25  Drone  
  28  2:28  Spore Crawler  
  28  2:31  Extractor  
  28  2:32  Zergling x2  
  28  2:35  Extractor  
  28  2:36  Spore Crawler  
  26  2:46  Spore Crawler  
  26  2:47  Drone x2  
  26  2:50  Drone x2  
  32  2:58  Queen  
  35  2:59  Overlord  
  35  3:05  Drone  
  35  3:20  Drone x2  
  35  3:21  Spore Crawler  
  35  3:25  Drone x6  
  35  3:26  Drone  
  44  3:38  Hatchery  
  43  3:45  Drone  
  43  3:47  Overlord x2  
  44  3:52  Lair  
  44  3:57  Spore Crawler  
  44  4:03  Overlord  
  44  4:11  Evolution Chamber  
  44  4:12  Evolution Chamber  
  44  4:14  Drone x2  
  44  4:15  Drone x3  
  47  4:18  Extractor  
  47  4:19  Drone x3  
  49  4:32  Zergling x8  
  49  4:37  Zerg Melee Weapons Level 1  
  49  4:38  Zerg Ground Armor Level 1  
  51  4:44  Extractor  
  50  4:48  Drone x3  
  50  4:50  Zergling x8  
  57  4:57  Drone x2  
  59  5:02  Drone x2  
  59  5:03  Drone  
  62  5:07  Spire  
  61  5:16  Drone x2  
  61  5:17  Drone  
  61  5:19  Spore Crawler  
  63  5:22  Drone, Spore Crawler  
  63  5:23  Drone x2  
  65  5:31  Drone  
  65  5:32  Drone x4  
  70  5:37  Extractor  
  70  5:38  Extractor  
  68  5:57  Zergling x2  
  68  5:58  Zergling x10  
  68  6:02  Spore Crawler  
  73  6:16  Baneling Nest  
  73  6:17  Spore Crawler  
  71  6:23  Mutalisk  
  71  6:25  Overlord x2  
  73  6:26  Zerg Flyer Weapons Level 1  
  73  6:33  Overlord  
  73  6:41  Zerg Ground Armor Level 2, Zerg Melee Weapons Level 2  
  73  6:44  Mutalisk x3  
  73  6:46  Drone x2  
  73  6:47  Drone x4  
  82  6:52  Drone x3  
  88  6:59  Mutalisk x2  
  92  7:05  Zergling x4  
  93  7:08  Baneling x3  
  93  7:09  Baneling  
  93  7:10  Zergling x6  
  96  7:17  Zergling x2, Centrifical Hooks  
  97  7:27  Overlord x2, Infestation Pit  
  96  7:37  Overlord  
  96  7:38  Overlord  
  96  7:41  Extractor, Hatchery  
  96  7:43  Extractor  
  93  7:44  Drone x2  
  93  7:45  Drone x2  
  93  7:46  Drone x2  
  93  7:47  Drone x3  
  93  7:48  Zergling x4  
  104  7:57  Mutalisk x4  
  104  7:58  Mutalisk  
  114  8:02  Zergling x2  
  115  8:05  Zergling x2  
  115  8:11  Zergling x6  
  113  8:16  Zergling x4  
  113  8:17  Hive  
  113  8:19  Baneling x4  
  110  8:20  Baneling x2  
  110  8:24  Zergling x12  
  116  8:30  Baneling x2  
  116  8:31  Zergling x2, Baneling x4  
  117  8:38  Drone x2  
  119  8:45  Zergling x4  
  119  8:46  Zergling x2  
  122  8:49  Overlord x4, Zergling x2  
  122  8:50  Zergling x8  
  127  8:56  Drone x2  
  127  8:57  Queen  
  127  9:01  Drone x2  
  133  9:03  Drone  
  133  9:08  Zergling x2  
  133  9:09  Zergling x4  
  136  9:13  Baneling  
  136  9:14  Baneling x16  
  135  9:17  Zergling x8  
  135  9:18  Zergling x2  
  135  9:24  Zergling x4  
  141  9:27  Zergling x8  
  141  9:28  Zergling x4  
  141  9:29  Zergling x4  
  149  9:34  Zergling x2  
  149  9:35  Zergling x2  
  149  9:36  Zergling x2  
  151  9:39  Zergling x2  
  151  9:42  Zergling x2  
  131  9:50  Zergling x20  
  118  9:54  Zergling x2  
  118  9:55  Mutalisk  
  111  10:04  Drone  
  111  10:07  Ultralisk Cavern  
  111  10:10  Baneling  
  111  10:11  Baneling x7  
  111  10:12  Baneling x2  
  111  10:13  Zergling x16  
  117  10:31  Zergling x18  
  117  10:32  Zergling x4, Baneling x2  
  116  10:46  Zergling x8  
  116  10:47  Zergling x14  
  116  10:48  Zergling x2  
  109  10:51  Zergling x2  
  105  11:00  Ultralisk x2  
  105  11:01  Ultralisk  
  118  11:04  Chitinous Plating  
  118  11:09  Baneling x4  
  118  11:10  Baneling x4  
  113  11:20  Ultralisk  
  113  11:22  Baneling x6  
  113  11:23  Baneling  
  113  11:24  Zergling x2  
  120  11:32  Zerg Ground Armor Level 3  
  120  11:38  Drone x5  
  125  11:46  Ultralisk  
  132  11:54  Drone x3  
  132  11:55  Overlord  
  132  11:59  Zerg Melee Weapons Level 3  
  134  12:04  Baneling x4  
  134  12:11  Ultralisk  
  140  12:15  Queen  
  140  12:20  Zergling x8  
  140  12:21  Extractor, Zergling x2  
  146  12:28  Spore Crawler  
  145  12:30  Zergling x4, Spine Crawler  
  145  12:31  Zergling x2, Spine Crawler  
  146  12:38  Zergling x4  
  146  12:39  Zergling x6  
  146  12:41  Zergling x4  
  146  12:42  Zergling x6  
  156  12:44  Zergling x2  
  156  12:45  Zergling x2  
  156  12:46  Zergling x2  
  156  12:47  Zergling x2  
  156  12:51  Overlord  
  155  12:58  Adrenal Glands  
  155  13:04  Greater Spire  
  155  13:24  Ultralisk x2  
  166  13:27  Overlord  
  166  13:28  Overlord x2  
  166  13:31  Overlord  
  166  13:32  Extractor x2  
  166  13:33  Hatchery  
  162  13:46  Zergling x6  
  162  13:47  Zergling x12  
  162  13:48  Zergling x4  
  168  14:00  Corruptor x3  
  172  14:09  Corruptor x2  
  175  14:27  Baneling x7  
  175  14:28  Baneling x7  
  175  14:35  Brood Lord  
  177  14:45  Brood Lord x2  
  181  14:48  Zergling x10  
  181  14:49  Zergling x10  
  181  14:50  Zergling x2  
  179  15:02  Corruptor x3  
  179  15:10  Corruptor x2  
  172  15:14  Zergling x4  
  171  15:39  Corruptor, Brood Lord  
  171  15:40  Brood Lord  
  177  15:43  Corruptor  
  179  15:50  Corruptor  
  181  15:58  Corruptor  
  181  15:59  Overlord  
  183  16:04  Baneling  
  183  16:05  Baneling x8  
  183  16:06  Baneling  
  183  16:21  Zergling x2  
  183  16:22  Zergling x14  
  190  16:40  Overlord x2  
  190  17:17  Hatchery  
  190  17:19  Hatchery  
  160  17:37  Corruptor  
  160  17:38  Corruptor x2  
  160  17:39  Ultralisk x2  
  160  17:41  Zergling x6  
  160  17:42  Zergling x2  
  182  17:50  Baneling  
  182  17:51  Baneling x6  
  182  17:52  Baneling x2  
  182  18:01  Spine Crawler  
  182  18:02  Spine Crawler  
  180  18:11  Zergling x10  
  180  18:12  Zergling x2  
  185  18:24  Zergling x6  
  183  18:29  Zergling x6  
  173  18:37  Zergling x4  
  173  18:41  Zergling x6  
  168  18:43  Zergling x2  
  164  19:06  Corruptor  
  164  19:07  Corruptor x2  
  152  19:16  Drone  
  152  19:17  Drone  
  152  19:18  Drone  
  152  19:20  Drone  
  152  19:23  Drone  
  155  19:25  Drone  
  155  19:29  Drone  
  92  20:00  Zergling x2  
  92  20:01  Zergling x22  
  89  20:28  Zergling x4  
Show
View Real Time Build Order
Export as new Build Order

Miszu Terran - Winner!

Build Orders: Liberator Opening, Reaper Expand, MMM Bio 

Get SALT Encoding   

  12  0:00  SCV  
  13  0:12  SCV  
  14  0:18  Supply Depot  
  14  0:24  SCV  
  15  0:39  SCV  
  15  0:40  Barracks  
  16  0:45  Refinery  
  16  0:51  SCV  
  17  1:03  SCV  
  18  1:16  SCV  
  19  1:28  Reaper, Orbital Command  
  20  1:42  Command Center  
  20  1:49  Supply Depot  
  20  1:54  SCV  
  20  2:00  Refinery  
  21  2:06  SCV  
  22  2:10  Barracks Reactor  
  22  2:18  SCV  
  23  2:23  Factory  
  23  2:30  SCV  
  24  2:43  SCV  
  25  2:50  Marine  
  25  2:51  Marine  
  27  2:55  SCV  
  27  2:57  Orbital Command  
  28  3:07  Starport, SCV, Factory Tech Lab  
  28  3:09  Marine x2  
  31  3:19  SCV  
  32  3:24  SCV  
  33  3:31  SCV  
  33  3:33  Bunker  
  34  3:36  SCV  
  38  3:42  Marine  
  38  3:43  Marine, SCV  
  38  3:48  Liberator, SCV  
  39  3:50  Factory Tech Lab  
  39  3:55  SCV  
  40  4:00  SCV, Armory  
  42  4:07  SCV  
  42  4:08  Supply Depot  
  46  4:12  SCV  
  46  4:15  Command Center  
  45  4:20  SCV  
  46  4:29  Marine x2  
  46  4:30  Siege Tank, SCV  
  52  4:33  Supply Depot, SCV  
  52  4:37  Liberator  
  53  4:40  Fusion Core  
  53  4:42  SCV  
  54  4:53  Barracks  
  54  4:54  Barracks  
  54  4:55  SCV x2  
  54  4:58  Refinery x2  
  60  5:07  SCV  
  60  5:08  Supply Depot, SCV  
  61  5:19  SCV  
  61  5:20  Engineering Bay  
  62  5:22  Engineering Bay  
  62  5:27  SCV  
  63  5:31  SCV  
  63  5:32  Supply Depot  
  63  5:34  SCV  
  67  5:39  SCV  
  66  5:43  SCV  
  66  5:46  SCV  
  68  5:51  Barracks Tech Lab x2, SCV  
  68  5:54  Barracks  
  68  5:55  SCV  
  70  5:58  Barracks, SCV  
  70  6:01  Supply Depot  
  70  6:03  SCV  
  75  6:07  SCV  
  75  6:09  Combat Shields  
  75  6:10  Stimpack, Orbital Command  
  73  6:15  SCV  
  73  6:17  Terran Infantry Weapons Level 1, Terran Infantry Armor Level 1, Marine  
  73  6:18  Marine x2  
  77  6:30  Orbital Command  
  77  6:31  Starport Reactor  
  77  6:32  SCV  
  78  6:33  SCV  
  78  6:38  Marine x2  
  78  6:39  Marine x2  
  83  6:41  Siege Tank  
  83  6:42  Barracks Reactor  
  83  6:44  SCV, Missile Turret  
  83  6:45  Barracks Reactor  
  83  6:46  Missile Turret x2  
  87  6:51  SCV  
  88  6:56  Marine x2, SCV x2  
  88  6:57  Marine x2  
  94  7:03  SCV  
  96  7:10  Medivac  
  96  7:12  Medivac  
  96  7:15  Marine  
  101  7:17  Refinery  
  101  7:18  Supply Depot x2  
  101  7:19  Refinery  
  100  7:26  Siege Tank  
  100  7:28  Marine x2, Armory  
  100  7:29  Marauder  
  107  7:32  SCV  
  107  7:35  SCV  
  109  7:40  SCV  
  109  7:42  Marine, Marauder  
  109  7:43  Marine x2  
  109  7:44  Marine, SCV  
  115  7:49  Marine x2  
  119  7:53  Marauder  
  119  7:55  Supply Depot  
  123  8:00  Marine  
  123  8:01  Marine  
  125  8:08  Marine x3, Medivac x2  
  129  8:13  SCV x2  
  129  8:14  SCV  
  129  8:24  Bunker  
  129  8:25  SCV x2  
  129  8:26  SCV  
  132  8:27  Supply Depot  
  132  8:28  Supply Depot, Marine x2  
  132  8:29  Supply Depot  
  132  8:30  Terran Infantry Armor Level 2, Marine x2, Terran Infantry Weapons Level 2  
  132  8:31  Marine x4  
  138  8:37  SCV  
  139  8:46  Marine  
  140  8:49  Marauder, Thor  
  140  8:50  Supply Depot, Marine  
  140  8:51  Marine x3  
  140  8:52  Supply Depot  
  140  8:53  Supply Depot  
  152  9:00  Marine, Marauder  
  155  9:04  Marine  
  155  9:08  Marine x2  
  155  9:09  Marine  
  160  9:10  Marine  
  160  9:11  Marauder  
  157  9:17  Marine, Medivac  
  157  9:18  Medivac  
  157  9:21  Marine  
  157  9:22  Marine  
  164  9:26  Marine x2  
  164  9:27  Marine  
  167  9:31  Marine  
  167  9:32  Siege Tank  
  167  9:35  Marine  
  172  9:39  Marine x2  
  172  9:44  Marine x2  
  172  9:45  Marine  
  168  9:50  Marauder  
  148  9:53  Marine  
  148  9:57  Marine, Medivac x2, Marauder  
  135  10:02  Marine x2  
  135  10:04  Command Center, Siege Tank  
  135  10:05  Barracks  
  135  10:06  Barracks x2  
  141  10:11  Marine  
  144  10:15  Marine  
  144  10:16  Barracks Tech Lab  
  144  10:18  Marauder  
  144  10:19  Concussive Shells  
  144  10:20  Marauder  
  146  10:27  Medivac x2  
  146  10:28  Marine x2  
  151  10:29  Marine  
  151  10:30  Factory  
  151  10:33  Marine  
  154  10:39  Marauder  
  119  11:03  Marine x3  
  118  11:06  Marine  
  118  11:07  Marine x6  
  118  11:09  Medivac x2  
  118  11:10  Thor  
  128  11:13  Factory Tech Lab  
  128  11:21  Marine x3  
  128  11:24  Marine  
  128  11:25  Marine x6  
  138  11:31  Missile Turret  
  138  11:32  Thor, Liberator x2  
  144  11:38  Marine  
  144  11:39  Marine x2  
  151  11:42  Marine x3  
  151  11:43  Marine x4  
  158  11:53  Thor  
  166  11:54  Planetary Fortress  
  166  11:56  Marine  
  166  11:57  Marine x2  
  166  12:00  Marine x4  
  166  12:01  Marauder x3  
  179  12:04  SCV  
  180  12:14  Marine  
  180  12:15  Marine, Thor, Liberator x2  
  188  12:17  Refinery x2  
  188  12:20  Terran Infantry Weapons Level 3, Terran Infantry Armor Level 3  
  188  12:21  Terran Vehicle Weapons Level 1  
  188  12:33  Marauder  
  188  12:35  Marauder  
  188  12:36  Marauder  
  200  12:46  Barracks Tech Lab x3  
  199  12:55  Marauder  
  194  13:01  Thor  
  199  13:14  Marine  
  199  13:18  Liberator x2  
  196  13:34  Marauder x2  
  198  13:41  Marauder  
  187  13:50  Marauder x2  
  190  13:58  Starport x2  
  190  14:02  Ghost Academy  
  190  14:06  Command Center  
  188  14:12  Marauder x2  
  188  14:14  Marauder  
  188  14:15  Marauder x2  
  196  14:23  Marauder  
  198  14:33  Marauder  
  200  14:57  SCV x3  
  193  15:05  Ghost x5  
  193  15:06  Ghost  
  198  15:09  SCV x3  
  197  15:21  SCV x2  
  198  15:22  SCV  
  197  15:55  Ghost  
  198  16:14  Ghost x2  
  198  16:15  Ghost  
  196  16:32  Ghost x2  
  198  16:42  Ghost  
  200  17:14  Refinery  
  196  17:33  Liberator x2  
  196  17:35  Ghost  
  196  17:43  Ghost x2  
  198  17:54  Orbital Command  
  198  17:57  Command Center  
  198  18:10  Ghost  
  189  18:43  Marine  
  189  18:44  Marine x8, Marauder  
  184  19:01  Marine  
  184  19:02  Marine x3  
  174  19:11  Orbital Command  
  172  19:23  Supply Depot  
  165  19:57  Marine, Ghost x2  
  99  20:09  Ghost  
  99  20:12  Marine x4  
  101  20:16  Marine  
  101  20:20  Marine  
Tags
 
Add a new tag
Caveats
  • Supply blocks, unpowered buildings, or Contaminate may cause inaccurate times.
  • Supply counts are checked every 10 seconds.